TOP OF THE 1ST |
Peninsula Panthers batting - Pitching for Lynchburg Hillcats : RHP Dwayne Henry
|
Pitching: RHP Dwayne Henry
|
|
Batting: SHB Vince Coleman
|
0-0: Ball 1-0: Foul Ball, location: 2F 1-1: Called Strike 1-2: Ball 2-2: Strikes out looking
|
Batting: RHB Dan Cox
|
0-0: Foul Ball, location: 2F 0-1: Foul Ball, location: 2F 0-2: Ground out 6-3 (Groundball, 6M, EV 85.0 MPH)
|
Batting: SHB Romel Beck
|
0-0: Ball 1-0: Called Strike 1-1: Reached on error, E4 (Groundball, 4S, EV 87.5 MPH)
|
Batting: LHB Randy Harvey
|
0-0: Called Strike Romel Beck steals 2nd base 0-1: Called Strike 0-2: Ball 1-2: Fly out, F8 (Flyball, 8RXD, EV 93.8 MPH)
|
Top of the 1st over - 0 runs, 0 hits, 1 error, 1 left on base; Peninsula 0 - Lynchburg 0 |
BOTTOM OF THE 1ST |
Lynchburg Hillcats batting - Pitching for Peninsula Panthers : LHP John Cerutti
|
Pitching: LHP John Cerutti
|
|
Batting: RHB Ken Dowell
|
0-0: SINGLE (Groundball, 34D, EV 103.1 MPH)
|
Batting: SHB Steve Scafa
|
0-0: Fly out, F4 (Popup, 4M, EV 72.5 MPH)
|
Batting: LHB Thad Reece
|
0-0: Ball 1-0: Fly out, F5 (Line Drive, 5, EV 68.1 MPH)
|
Batting: RHB Richard Witt
|
0-0: Ball Ken Dowell steals 2nd base 1-0: Fly out, F7 (Flyball, 7LD, EV 104.4 MPH)
|
Bottom of the 1st over - 0 runs, 1 hit, 0 errors, 1 left on base; Peninsula 0 - Lynchburg 0 |
TOP OF THE 2ND |
Peninsula Panthers batting - Pitching for Lynchburg Hillcats : RHP Dwayne Henry
|
Batting: RHB Lawrence McGee
|
0-0: Foul Ball, location: 2F 0-1: Ball 1-1: Ball 2-1: Ball 3-1: Base on Balls
|
Batting: SHB Doug Baker
|
0-0: Called Strike Lawrence McGee steals 2nd base (no throw) 0-1: Ball 1-1: Ground out 6-3 (Groundball, 6S, EV 75.0 MPH) Lawrence McGee to third
|
Batting: RHB David Stevens
|
0-0: Ball 1-0: Foul Ball, location: 2F 1-1: Ball 2-1: SINGLE (Groundball, 6D, EV 107.5 MPH) Lawrence McGee scores
|
Batting: RHB Mark Kuecker
|
0-0: Ball 1-0: Called Strike 1-1: SINGLE (Groundball, 6MD, EV 103.8 MPH) David Stevens to second
|
Batting: RHB Timothy Riley
|
0-0: Ball 1-0: Swinging Strike 1-1: Swinging Strike 1-2: Strikes out swinging
|
Batting: SHB Vince Coleman
|
0-0: Ball 1-0: Called Strike 1-1: Swinging Strike 1-2: Ball 2-2: Ball 3-2: Base on Balls David Stevens to third Mark Kuecker to second
|
Batting: RHB Dan Cox
|
0-0: Ball 1-0: Ball 2-0: Called Strike 2-1: Called Strike 2-2: Ball 3-2: Base on Balls David Stevens scores Mark Kuecker to third Vince Coleman to second
|
Batting: SHB Romel Beck
|
0-0: Ball 1-0: Foul Ball, location: 2F 1-1: Ball 2-1: Ball 3-1: Called Strike 3-2: Ground out 6-3 (Groundball, 6M, EV 90.6 MPH)
|
Top of the 2nd over - 2 runs, 2 hits, 0 errors, 3 left on base; Peninsula 2 - Lynchburg 0 |
BOTTOM OF THE 2ND |
Lynchburg Hillcats batting - Pitching for Peninsula Panthers : LHP John Cerutti
|
Batting: RHB Kenneth Tillman
|
0-0: Foul Ball, location: 2F 0-1: Fly out, F9 (Flyball, 89M, EV 88.8 MPH)
|
Batting: RHB Curtis Cannedy
|
0-0: Fly out, F9 (Flyball, 89M, EV 84.4 MPH)
|
Batting: RHB Frederic Wade
|
0-0: Called Strike 0-1: Ball 1-1: Foul Ball, location: 2F 1-2: Ball 2-2: Strikes out swinging
|
Bottom of the 2nd over - 0 runs, 0 hits, 0 errors, 0 left on base; Peninsula 2 - Lynchburg 0 |
TOP OF THE 3RD |
Peninsula Panthers batting - Pitching for Lynchburg Hillcats : RHP Dwayne Henry
|
Batting: LHB Randy Harvey
|
0-0: Ball 1-0: Called Strike 1-1: Foul Ball, location: 2F 1-2: Foul Ball, location: 2F 1-2: Fly out, F5 (Popup, 56, EV 75.6 MPH)
|
Batting: RHB Lawrence McGee
|
0-0: Ball 1-0: Foul Ball, location: 2F 1-1: Foul Ball, location: 2F 1-2: Strikes out swinging
|
Batting: SHB Doug Baker
|
0-0: Foul Ball, location: 2F 0-1: Ball 1-1: Ball 2-1: Ball 3-1: Called Strike 3-2: Fly out, F8 (Flyball, 78M, EV 85.0 MPH)
|
Top of the 3rd over - 0 runs, 0 hits, 0 errors, 0 left on base; Peninsula 2 - Lynchburg 0 |
BOTTOM OF THE 3RD |
Lynchburg Hillcats batting - Pitching for Peninsula Panthers : LHP John Cerutti
|
Batting: LHB Eb MacDonald
|
0-0: Ball 1-0: Ball 2-0: Ground out 6-3 (Groundball, P, EV 81.3 MPH)
|
Batting: RHB Felix Estrada
|
0-0: Ground out 6-3 (Groundball, 6, EV 103.1 MPH)
|
Batting: RHB Ken Dowell
|
0-0: Ball 1-0: Called Strike 1-1: Foul Ball, location: 2F 1-2: Ball 2-2: SINGLE (Line Drive, 7LS, EV 99.4 MPH)
|
Batting: SHB Steve Scafa
|
0-0: Called Strike 0-1: Ball 1-1: Ground out 4-3 (Groundball, 4, EV 109.4 MPH)
|
Bottom of the 3rd over - 0 runs, 1 hit, 0 errors, 1 left on base; Peninsula 2 - Lynchburg 0 |
TOP OF THE 4TH |
Peninsula Panthers batting - Pitching for Lynchburg Hillcats : RHP Dwayne Henry
|
Batting: RHB David Stevens
|
0-0: Called Strike 0-1: Ball 1-1: Ball 2-1: Swinging Strike 2-2: Ball 3-2: Foul Ball, location: 2F 3-2: Strikes out swinging
|
Batting: RHB Mark Kuecker
|
0-0: Called Strike 0-1: Foul Ball, location: 2F 0-2: SINGLE (Line Drive, 3D, EV 97.5 MPH)
|
Batting: RHB Timothy Riley
|
0-0: Called Strike 0-1: Ball 1-1: Ball 2-1: Ball 3-1: Called Strike 3-2: Base on Balls Mark Kuecker to second
|
Batting: SHB Vince Coleman
|
0-0: Swinging Strike 0-1: Foul Ball, location: 2F 0-2: Ball 1-2: Strikes out swinging
|
Batting: RHB Dan Cox
|
0-0: Ball 1-0: Foul Ball, location: 2F 1-1: Ball 2-1: Ball 3-1: Base on Balls Mark Kuecker to third Timothy Riley to second
|
Batting: SHB Romel Beck
|
0-0: Foul Ball, location: 2F 0-1: Ball 1-1: Foul Ball, location: 2F 1-2: Ball 2-2: Ground out 4-3 (Groundball, 4, EV 88.8 MPH)
|
Top of the 4th over - 0 runs, 1 hit, 0 errors, 3 left on base; Peninsula 2 - Lynchburg 0 |
BOTTOM OF THE 4TH |
Lynchburg Hillcats batting - Pitching for Peninsula Panthers : LHP John Cerutti
|
Batting: LHB Thad Reece
|
0-0: Called Strike 0-1: Ball 1-1: Foul Ball, location: 2F 1-2: Foul Ball, location: 2F 1-2: Ground out 5-3 (Groundball, 56S, EV 85.6 MPH)
|
Batting: RHB Richard Witt
|
0-0: Ball 1-0: Foul Ball, location: 2F 1-1: Ball 2-1: Ball 3-1: Called Strike 3-2: Fly out, F7 (Flyball, 7, EV 90.0 MPH)
|
Batting: RHB Kenneth Tillman
|
0-0: Called Strike 0-1: Foul Ball, location: 2F 0-2: Strikes out looking
|
Bottom of the 4th over - 0 runs, 0 hits, 0 errors, 0 left on base; Peninsula 2 - Lynchburg 0 |
TOP OF THE 5TH |
Peninsula Panthers batting - Pitching for Lynchburg Hillcats : RHP Dwayne Henry
|
Batting: LHB Randy Harvey
|
0-0: Ball 1-0: Called Strike 1-1: Called Strike 1-2: Ball 2-2: Ball 3-2: Foul Ball, location: 2F 3-2: Strikes out swinging
|
Batting: RHB Lawrence McGee
|
0-0: Called Strike 0-1: Foul Ball, location: 2F 0-2: Ball 1-2: Ball 2-2: Strikes out swinging
|
Batting: SHB Doug Baker
|
0-0: Swinging Strike 0-1: Foul Ball, location: 2F 0-2: Ball 1-2: Ball 2-2: Foul Ball, location: 2F 2-2: Ground out 4-3 (Groundball, 4, EV 83.8 MPH)
|
Top of the 5th over - 0 runs, 0 hits, 0 errors, 0 left on base; Peninsula 2 - Lynchburg 0 |
BOTTOM OF THE 5TH |
Lynchburg Hillcats batting - Pitching for Peninsula Panthers : LHP John Cerutti
|
Batting: RHB Curtis Cannedy
|
0-0: Ball 1-0: Foul Ball, location: 2F 1-1: Fly out, F3 (Popup, 3SF, EV 76.9 MPH)
|
Batting: RHB Frederic Wade
|
0-0: Called Strike 0-1: Swinging Strike 0-2: Ball 1-2: Foul Ball, location: 2F 1-2: Ball 2-2: Ball 3-2: Foul Ball, location: 2F 3-2: Base on Balls
|
Batting: LHB Eb MacDonald
|
0-0: Called Strike 0-1: Ball 1-1: SINGLE (Groundball, 5D, EV 98.1 MPH) Frederic Wade to second
|
Batting: RHB Felix Estrada
|
0-0: SINGLE (Groundball, 6S, EV 64.4 MPH) (infield hit) Frederic Wade to third Eb MacDonald to second
|
Batting: RHB Ken Dowell
|
0-0: Ball 1-0: Foul Ball, location: 2F 1-1: Ball 2-1: Fly out, F8 (Flyball, 89D, EV 94.4 MPH) Runner from 3rd tags up, SCORES, throw by CF Eb MacDonald to third
|
Batting: SHB Steve Scafa
|
0-0: Called Strike 0-1: Ball Wild Pitch! Eb MacDonald scores Felix Estrada to second 1-1: Ball 2-1: Foul Ball, location: 2F 2-2: Fly out, F4 (Popup, 23, EV 87.5 MPH)
|
Bottom of the 5th over - 2 runs, 2 hits, 0 errors, 1 left on base; Peninsula 2 - Lynchburg 2 |
TOP OF THE 6TH |
Peninsula Panthers batting - Pitching for Lynchburg Hillcats : RHP Dwayne Henry
|
Batting: RHB David Stevens
|
0-0: Ball 1-0: Called Strike 1-1: Foul Ball, location: 2F 1-2: Fly out, F7 (Flyball, 78D, EV 97.5 MPH)
|
Batting: RHB Mark Kuecker
|
0-0: DOUBLE (Flyball, 8LXD, EV 100.6 MPH)
|
Pitching: LHP Steve Howe
|
|
Batting: RHB Timothy Riley
|
0-0: Fly out, F8 (Flyball, 8LD, EV 102.5 MPH)
|
Batting: SHB Vince Coleman
|
0-0: Ball 1-0: Ball 2-0: Ball 3-0: Called Strike 3-1: Foul Ball, location: 2F 3-2: Ground out 6-3 (Groundball, 6, EV 109.4 MPH)
|
Top of the 6th over - 0 runs, 1 hit, 0 errors, 1 left on base; Peninsula 2 - Lynchburg 2 |
BOTTOM OF THE 6TH |
Lynchburg Hillcats batting - Pitching for Peninsula Panthers : LHP John Cerutti
|
Batting: LHB Thad Reece
|
0-0: Ball 1-0: Ball 2-0: Ground out 5-3 (Groundball, 56S, EV 88.8 MPH)
|
Batting: RHB Richard Witt
|
0-0: Foul Ball, location: 2F 0-1: Ball 1-1: Called Strike 1-2: Fly out, F4 (Popup, 4S, EV 79.4 MPH)
|
Batting: RHB Kenneth Tillman
|
0-0: Called Strike 0-1: Foul Ball, location: 2F 0-2: DOUBLE (Flyball, 8LXD, EV 106.3 MPH)
|
Batting: RHB Curtis Cannedy
|
0-0: Fly out, F8 (Flyball, 8LXD, EV 94.4 MPH)
|
Bottom of the 6th over - 0 runs, 1 hit, 0 errors, 1 left on base; Peninsula 2 - Lynchburg 2 |
TOP OF THE 7TH |
Peninsula Panthers batting - Pitching for Lynchburg Hillcats : LHP Steve Howe
|
Batting: RHB Dan Cox
|
0-0: Foul Ball, location: 2F 0-1: Ball 1-1: Ground out 1-3 (Groundball, 15, EV 65.6 MPH)
|
Batting: SHB Romel Beck
|
0-0: Ball 1-0: Swinging Strike 1-1: SINGLE (Groundball, 6MD, EV 104.4 MPH)
|
Batting: LHB Randy Harvey
|
0-0: Foul Ball, location: 2F 0-1: Fielders Choice at 2nd, U6 (Groundball, 4M, EV 105.0 MPH)
|
Batting: RHB Lawrence McGee
|
0-0: Called Strike 0-1: Swinging Strike 0-2: Strikes out swinging
|
Top of the 7th over - 0 runs, 1 hit, 0 errors, 1 left on base; Peninsula 2 - Lynchburg 2 |
BOTTOM OF THE 7TH |
Lynchburg Hillcats batting - Pitching for Peninsula Panthers : LHP John Cerutti
|
Batting: RHB Frederic Wade
|
0-0: Ball 1-0: Ball 2-0: Ball 3-0: Base on Balls
|
Batting: LHB Eb MacDonald
|
0-0: Ball 1-0: Ball Passed Ball! Frederic Wade to second 2-0: Ball 3-0: Called Strike 3-1: Sac Bunt to 23 - play at first, batter OUT! 3-4 Frederic Wade to third
|
Batting: RHB Felix Estrada
|
0-0: Called Strike 0-1: Ball 1-1: Ball 2-1: Ground out 5-3 (Groundball, 56S, EV 90.6 MPH)
|
Batting: RHB Ken Dowell
|
0-0: Called Strike 0-1: Ground out 6-3 (Groundball, 6, EV 90.0 MPH)
|
Bottom of the 7th over - 0 runs, 0 hits, 0 errors, 1 left on base; Peninsula 2 - Lynchburg 2 |
TOP OF THE 8TH |
Peninsula Panthers batting - Pitching for Lynchburg Hillcats : LHP Steve Howe
|
Batting: SHB Doug Baker
|
0-0: Ball 1-0: Called Strike 1-1: SINGLE (Groundball, 34D, EV 105.6 MPH)
|
Batting: RHB David Stevens
|
0-0: Ground out 5-3 (Groundball, 56S, EV 71.9 MPH) Doug Baker to second
|
Batting: RHB Mark Kuecker
|
0-0: Swinging Strike 0-1: Swinging Strike 0-2: Ball 1-2: Strikes out swinging
|
Batting: RHB Timothy Riley
|
0-0: Ball 1-0: Ball 2-0: Ground out 2-3 (Groundball, 2L, EV 66.3 MPH)
|
Top of the 8th over - 0 runs, 1 hit, 0 errors, 1 left on base; Peninsula 2 - Lynchburg 2 |
BOTTOM OF THE 8TH |
Lynchburg Hillcats batting - Pitching for Peninsula Panthers : LHP John Cerutti
|
Batting: SHB Steve Scafa
|
0-0: Foul Ball, location: 2F 0-1: Ball 1-1: Foul Ball, location: 2F 1-2: Ball 2-2: Foul Ball, location: 2F 2-2: Fly out, F4 (Popup, 34, EV 80.0 MPH)
|
Batting: LHB Thad Reece
|
0-0: Ball 1-0: Ball 2-0: SINGLE (Groundball, 34D, EV 95.6 MPH)
|
Batting: RHB Richard Witt
|
0-0: Ball 1-0: Ball 2-0: Ball 3-0: Called Strike 3-1: Fly out, F8 (Flyball, 8LS, EV 92.5 MPH)
|
Batting: RHB Kenneth Tillman
|
0-0: Called Strike 0-1: Ball 1-1: Called Strike 1-2: SINGLE (Groundball, 25, EV 67.5 MPH) (infield hit) Thad Reece to second
|
Batting: RHB Curtis Cannedy
|
0-0: Called Strike 0-1: Ball 1-1: Ball 2-1: Ball 3-1: Foul Ball, location: 2F 3-2: Ground out 1-3 (Groundball, 13S, EV 75.0 MPH)
|
Bottom of the 8th over - 0 runs, 2 hits, 0 errors, 2 left on base; Peninsula 2 - Lynchburg 2 |
TOP OF THE 9TH |
Peninsula Panthers batting - Pitching for Lynchburg Hillcats : LHP Steve Howe
|
Pitching: RHP Paul Steets
|
|
Batting: SHB Vince Coleman
|
0-0: Ball 1-0: Ground out U3 (Groundball, 3, EV 100.6 MPH)
|
Batting: RHB Dan Cox
|
0-0: Foul Ball, location: 2F 0-1: Swinging Strike 0-2: Ball 1-2: Foul Ball, location: 2F 1-2: Ball 2-2: Ball 3-2: Fly out, F8 (Flyball, 8RS, EV 89.4 MPH)
|
Batting: SHB Romel Beck
|
0-0: Foul Ball, location: 2F 0-1: DOUBLE (Groundball, 3L, EV 103.8 MPH)
|
Batting: LHB Randy Harvey
|
0-0: Intentional Walk
|
Pinch Hitting: LHB Ted French
|
0-0: Called Strike 0-1: Ball 1-1: Foul Ball, location: 2F 1-2: Ball 2-2: Foul Ball, location: 2F 2-2: Ball 3-2: Strikes out swinging
|
Top of the 9th over - 0 runs, 1 hit, 0 errors, 2 left on base; Peninsula 2 - Lynchburg 2 |
BOTTOM OF THE 9TH |
Lynchburg Hillcats batting - Pitching for Peninsula Panthers : LHP John Cerutti
|
Now in CF: Ted French
|
|
Batting: RHB Frederic Wade
|
0-0: Ball 1-0: Called Strike 1-1: Swinging Strike 1-2: Ball 2-2: Ball 3-2: Base on Balls
|
Batting: LHB Eb MacDonald
|
0-0: Bunt missed! 0-1: Bunt missed! 0-2: Ball 1-2: Ball 2-2: Ball 3-2: Foul Ball, location: 2F 3-2: Foul Ball, location: 2F 3-2: Ground out U3 (Groundball, 3S, EV 88.8 MPH) Frederic Wade to second
|
Batting: RHB Felix Estrada
|
0-0: Ball 1-0: Ball 2-0: Fly out, F8 (Flyball, 78D, EV 96.3 MPH)
|
Batting: RHB Ken Dowell
|
0-0: Foul Ball, location: 2F 0-1: Foul Ball, location: 2F 0-2: SINGLE (Groundball, 34D, EV 109.4 MPH) Frederic Wade to third Runner from 3rd tries for Home, SAFE, throw by RF to home
|
Bottom of the 9th over - 1 run, 1 hit, 0 errors, 0 left on base; Peninsula 2 - Lynchburg 3 |
|